 Dungeon Crawl Stone Soup version 0.30-a0-170-g85af917532 (webtiles) character file.

Game seed: 10693092349184558737

29 qw the Shield-Bearer (level 3, -3/23 HPs)
             Began as a Gargoyle Fighter on Sept 30, 2022.
             Slain by Sigmund
             ... wielding a +3 scythe
              (5 damage)
             ... on level 2 of the Dungeon.
             The game lasted 00:00:31 (1490 turns).

qw the Shield-Bearer (Gargoyle Fighter)             Turns: 1490, Time: 00:00:31

Health: -3/23      AC: 13    Str: 21    XL:     3   Next: 16%
Magic:  3/3        EV:  9    Int: 11    God:
Gold:   39         SH:  9    Dex:  9    Spells: 2/2 levels left

rFire   . . .      SeeInvis .    Y - +0 war axe
rCold   . . .      Faith    .    c - +0 buckler
rNeg    + . .      Spirit   .    b - +0 scale mail
rPois   inf        Reflect  +    f - +2 helmet {Int+3}
rElec   +          Harm     .    (no cloak)
rCorr   .          Rampage  .    (no gloves)
Will    .....                    (no boots)
Stlth   ..........               i - amulet of reflection
HPRegen 0.07/turn                (no ring)
MPRegen 0.08/turn                (no ring)

@: no status effects
A: sickness immunity, AC +3, negative energy resistance 1, electricity
resistance, torment resistance 1, petrification resistance
a: no special abilities


You were on level 2 of the Dungeon.
You visited 1 branch of the dungeon, and saw 2 of its levels.

You collected 39 gold pieces.


Innate Abilities, Weirdness & Mutations

You are immune to sickness and miasma.
Your stone body is resilient. (AC +3)
You are immune to poison.
You resist negative energy. (rN+)
You are resistant to electric shocks. (rElec)
You are resistant to unholy torment.
You are immune to petrification.


   Skills:
 - Level 3.2 Fighting
 + Level 3.2 Axes
 - Level 3.2 Armour
 - Level 3.2 Shields


You had 2 spell levels left.
You didn't know any spells.
Your spell library was empty.

Inventory:

Hand Weapons
 l - a +4 whip
 Y - a +0 war axe (weapon)
Armour
 b - a +0 scale mail (worn)
 c - a +0 buckler (worn)
 f - a +2 helmet of intelligence (worn)
Jewellery
 i - an amulet of reflection (around neck)
Scrolls
 j - a scroll of enchant armour
Potions
 a - a potion of heal wounds {unknown}
 d - 2 potions of might
 e - a potion of haste {unknown}
 m - a potion of mutation {unknown}

Dungeon Overview and Level Annotations

Branches:
Dungeon (2/15)

Altars:

Annotations:
D:2 Sigmund


Message History

There is a strange disturbance nearby!
You hear some strange, mumbled words.
You are more confused.
You're too confused to attack without stumbling around!
There is a strange disturbance nearby!
Something hits you but does no damage.
You're too confused to attack without stumbling around!
There is a strange disturbance nearby!
You're too confused to attack without stumbling around!
There is a strange disturbance nearby!
Something hits you.
You're too confused to attack without stumbling around!
There is a strange disturbance nearby!
A magic dart appears from out of thin air!
The magic dart hits you!
You're too confused to attack without stumbling around!
There is a strange disturbance nearby!
Something hits you but does no damage.
You're too confused to attack without stumbling around!
There is a strange disturbance nearby!
You're too confused to attack without stumbling around!
There is a strange disturbance nearby!
Something hits you.
You're too confused to attack without stumbling around!
There is a strange disturbance nearby!
Something hits you but does no damage.
You're too confused to attack without stumbling around!
There is a strange disturbance nearby!
You feel less confused.
You swing at nothing.
Something hits you.
You swing at nothing.
You hear some strange, mumbled words.
A puff of flame appears from out of thin air!
The puff of flame misses you.
You swing at nothing.
You block something's attack.
You swing at nothing.
Something hits you.
You die...

......... #.#......
###.#..#.. #
........ .. ..#..#
.## #....#....
#.#####..#....#
#......@......#
############.#.##.#
#...........{..#
#.##########.###
#.# #.# #.# #.#
####.# #.# #....#
#.. .##. #....#
#.########....


There were no monsters in sight!

Vanquished Creatures
  5 ball pythons (D:1)
  An endoplasm (D:1)
  A giant cockroach (D:1)
  6 goblins
  A hobgoblin (D:1)
  3 quokkas (D:1)
  3 bats (D:1)
  A frilled lizard (D:1)
  A kobold (D:1)
  3 rats (D:1)
25 creatures vanquished.

Notes
Turn   | Place    | Note
-------+----------+-------------------------------------------
     0 | D:1      | qw the Gargoyle Fighter began the quest for the Orb.
     0 | D:1      | Reached XP level 1. HP: 14/14 MP: 1/1
     0 | D:1      | 0 ||| qw: Version: 0.2-a-12-gaebbb33
     0 | D:1      | 0 ||| qw: Game counter: 1424
     0 | D:1      | 0 ||| qw: Always use a shield: true
     0 | D:1      | 0 ||| qw: God list: Okawaru
     0 | D:1      | 0 ||| qw: Allow faded altars: false
     0 | D:1      | 0 ||| qw: Do Orc after D:15 true
     0 | D:1      | 0 ||| qw: Do second Lair branch before Depths: true
     0 | D:1      | 0 ||| qw: Lair rune preference: random
     0 | D:1      | 0 ||| qw: Plans: Normal, Zot:1-4, God:TSO, Crypt, Tomb,
                  | Pan, Slime:5, Hells, Abyss, Orb
     0 | D:1      | 0 ||| PLANNING D:1-11
   234 | D:1      | Reached XP level 2. HP: 19/19 MP: 2/2
   388 | D:1      | 388 ||| DROPPING +0 club.
   410 | D:1      | 410 ||| Stepping ~*~*~tactically~*~*~ (stealth).
   461 | D:1      | 461 ||| Stepping ~*~*~tactically~*~*~ (stealth).
   462 | D:1      | 462 ||| Stepping ~*~*~tactically~*~*~ (stealth).
   658 | D:1      | Reached skill level 3 in Axes
   734 | D:1      | Reached XP level 3. HP: 23/23 MP: 3/3
   773 | D:1      | Found a faded altar of an unknown god.
  1145 | D:1      | 1145 ||| UPGRADING to +1 helmet of intelligence.
  1150 | D:1      | 1150 ||| UPGRADING to amulet of reflection.
  1155 | D:1      | 1155 ||| READING scroll labelled QOCOMM KAUXARPHAP.
  1156 | D:1      | 1156 ||| READING scroll labelled RALEECV JAOFOH.
  1157 | D:1      | 1157 ||| READING scroll labelled JENUCR PALL.
  1161 | D:1      | 1161 ||| READING 3 scrolls labelled LOMMUZ JEYC.
  1162 | D:1      | 1162 ||| READING 2 scrolls of enchant armour.
  1162 | D:1      | 1162 ||| ENCHANTING +1 helmet of intelligence.
  1163 | D:1      | 1163 ||| READING scroll labelled RUJOCA WE ATHOI.
  1453 | D:2      | Noticed Sigmund
  1487 | D:2      | HP: 2/23 [something (5)]
  1490 | D:2      | Slain by Sigmund

Levels and vault maps discovered:
D:1:      minmay_arrival_four_houses, layout_basic, basic_ecumenical_altar,
          hangedman_decor_growths, minmay_surrounded
D:2:      layout_basic, serial_shops, nicolae_lakefront_shop, uniq_sigmund,
          uniq_jessica

Skill      XL: |  1  2 |
---------------+-------+-----
Axes           | 2 3 |  3.2
Fighting       | |  3.2
Armour         | |  3.2
Shields        | |  3.2

Action                   || total
-------------------------++-------
Melee: War axe           ||    79
  Use: Scroll            ||     6
Armor: Scale mail        ||    45
Dodge: Dodged            ||    43
Block: Buckler           ||    12

Table legend:
 A = Non-vault XP
 B = Vault XP
 C = Vault XP percentage of total XP
 D = Non-vault monster count
 E = Vault monster count
 F = Vault count percentage of total count
                 A         B        C        D         E       F
            +---------+---------+-------+---------+---------+-------
      Total |      35 |       7 |  16.7 |      21 |       4 |  16.0
            +---------+---------+-------+---------+---------+-------
        D:1 |      33 |       7 |  17.5 |      20 |       4 |  16.7
        D:2 |       2 |       0 |   0.0 |       1 |       0 |   0.0
            +---------+---------+-------+---------+---------+-------
